 Dungeon Crawl Stone Soup version 0.29-a0-284-gf9362112df (webtiles) character file.

Game seed: 9262693861371004492

7 sizableburger the Ducker (level 1, -1/12 HPs)
             Began as a Deep Elf Gladiator on Mar 29, 2022.
             Slain by a jackal (3 damage)
             ... on level 1 of the Dungeon.
             The game lasted 00:00:35 (352 turns).

sizableburger the Ducker (Deep Elf Gladiator)        Turns: 352, Time: 00:00:37

Health: -1/12      AC:  4    Str: 11    XL:     1   Next: 91%
Magic:  3/3        EV: 13    Int: 12    God:
Gold:   18         SH:  0    Dex: 16    Spells: 0/0 levels left

rFire   . . .      SeeInvis .   a - +0 long sword
rCold   . . .      Faith    .   (no shield)
rNeg    . . .      Spirit   .   b - +0 leather armour
rPois   .          Reflect  .   c - +0 helmet
rElec   .          Harm     .   (no cloak)
rCorr   .          Rampage  .   (no gloves)
Will    .....                   (no boots)
Stlth   +.........              (no amulet)
HPRegen 0.04/turn               (no ring)
MPRegen 0.08/turn               (no ring)

@: no status effects
A: no striking features
a: no special abilities


You were on level 1 of the Dungeon.
You visited 1 branch of the dungeon, and saw 1 of its levels.

You collected 18 gold pieces.

Inventory:

Hand Weapons
 a - a +0 long sword (weapon)
Armour
 b - a +0 leather armour (worn)
 c - a +0 helmet (worn)


   Skills:
 + Level 1.8 Fighting
 + Level 2.9 Long Blades
 - Level 2.0 Throwing
 + Level 3.8 Dodging


You couldn't memorise any spells.
You didn't know any spells.
Your spell library was empty.

Dungeon Overview and Level Annotations

Branches:
Dungeon (1/15)

Altars:


Message History

You closely miss the jackal.
The jackal bites you but does no damage. x2
Throw: 3 throwing nets
Press: ? - help, Q - select action, (/) - cycle Shift-Dir - straight line, f - jackal
Aim: a jackal (53% to hit)
You throw a throwing net.
The throwing net closely misses the jackal.
The throwing net hits the jackal.
The jackal is caught in the net!
The jackal struggles against the net.
The jackal misses you.
Throw: 2 throwing nets
Press: ? - help, Q - select action, (/) - cycle Shift-Dir - straight line, f/p - jackal
Aim: a jackal (53% to hit)
You throw a throwing net. The throwing net misses the jackal.
The throwing net hits the jackal.
The jackal struggles against the net.
The jackal bites you.
* * * LOW HITPOINT WARNING * * *
Throw: throwing net
Press: ? - help, Q - select action, (/) - cycle Shift-Dir - straight line, f/p - jackal
Aim: a jackal (53% to hit)
You throw a throwing net.
The throwing net barely misses the jackal.
The throwing net hits the jackal.
The jackal struggles against the net.
The jackal stops to sniff the ground.
The jackal bites you but does no damage.
Unknown command.
You hit the jackal.
The jackal is heavily wounded.
The jackal struggles against the net.
The net rips apart, and the jackal comes free!
The jackal closely misses you. x2
Unknown command.
Throw: javelin
Press: ? - help, Q - select action Shift-Dir - straight line, f/p - jackal
Aim: a jackal (heavily wounded, 53% to hit)
You throw a javelin. The javelin barely misses the jackal.
The javelin pierces through the jackal.
You kill the jackal!
The jackal bites you.
You die...

#.#.#.....
##รท#.#.#..#
##.........#
#.....#.##..
#####...##.#
...........#
.........### #
########.####.#
#((h@..#
#.###### #.#


#hh #... #.... #.>.## #...# ..#.# You could see a jackal.

Vanquished Creatures
  An endoplasm (D:1)
  A hobgoblin (D:1)
  3 jackals (D:1)
  2 ball pythons (D:1)
  A bat (D:1)
8 creatures vanquished.

Notes
Turn   | Place    | Note
-------+----------+-------------------------------------------
     0 | D:1      | sizableburger the Deep Elf Gladiator began the quest for
                  | the Orb.
     0 | D:1      | Reached XP level 1. HP: 12/12 MP: 3/3
   352 | D:1      | Slain by a jackal

Illustrated notes

Levels and vault maps discovered:
D:1:      lightli_arrival_maybe_door_vault, layout_loops_corners,
          hellmonk_ecumenical_altar_inner_sanctum, serial_shops,
          nicolae_shop_temple_entry_statues_fountains

Action                   || total
-------------------------++-------
Melee: Long sword        ||    29
       Punch             ||     1
Throw: Throwing net      ||     3
       Javelin           ||     1
Armor: Leather armour    ||     9
Dodge: Dodged            ||    37

Table legend: (Time is in decaauts)
 A = Elapsed time spent in this place.
 B = Non-inter-level travel time spent in this place.
 C = Inter-level travel time spent in this place.
 D = Time resting spent in this place.
 E = Time spent auto-exploring this place.
 F = Levels seen in this place.
 G = Mean time per level.
                   A        B        C        D        E       F      G
               +--------+--------+--------+--------+--------+-----+--------+
         Total |    359 |    359 |      0 |    227 |     51 |   1 |  359.0 |
       Dungeon |    359 |    359 |      0 |    227 |     51 |   1 |  359.0 |
               +--------+--------+--------+--------+--------+-----+--------+

Top non-repeatable levels by time:
     D:1: 359 daAuts
